 Dungeon Crawl Stone Soup version 0.18-a0-1088-g34ef3a2 (webtiles) character file.

560 gorblad the Covert (level 7, 0/45 HPs)
             Began as an Octopode Assassin on Jan 16, 2016.
             Slain by a slave (7 damage)
             ... led by Pikel
             ... on level 5 of the Dungeon.
             The game lasted 00:06:18 (3484 turns).

gorblad the Covert (Octopode Assassin)              Turns: 3484, Time: 00:06:18

Health: 0/45       AC:  2    Str: 11    XL:     7   Next: 31%
Magic:  16/16      EV: 13    Int: 13    God:
Gold:   183        SH:  0    Dex: 15    Spells: 0 memorised, 6 levels left

rFire  + . .     SeeInvis .     a - +2 dagger
rCold  . . .     Gourm    .     (no shield)
rNeg   . . .     Faith    .     n - +1 hat of the Clam {rPois rF+}
rPois  +         Spirit   .     (no amulet)
rElec  .         Dismiss  .     e - ring of magical power
rCorr  .         Reflect  .     (no ring)
SustAt .         Harm     .     (no ring)
MR     .....                    (no ring)
Stlth  ++++++....               (no ring)
                                (no ring)
                                (no ring)
                                (no ring)

@: not resistant to hostile enchantments, very stealthy
A: almost no armour, amphibious, 8 rings, constrict 8, camouflage 1, gelatinous
body 1
a: no special abilities


You were on level 5 of the Dungeon.
You were not hungry.

You visited 1 branch of the dungeon, and saw 5 of its levels.

You collected 183 gold pieces.

Inventory:

Hand Weapons
 a - a +2 dagger (weapon)
 b - a +0 blowgun
Missiles
 c - 26 poisoned needles
 d - 2 curare-tipped needles
Armour
 n - the +1 hat of the Clam (worn) {rPois rF+}
   (You found it on level 4 of the Dungeon)

   It protects you from fire.
   It protects you from poison.
Jewellery
 e - a ring of magical power (left tentacle)
 i - a cursed amulet of inaccuracy {unknown}
 m - an uncursed ring of see invisible {unknown}
Scrolls
 k - 2 scrolls of remove curse
 s - a scroll of enchant armour {unknown}
 t - a scroll of vulnerability {unknown}
Potions
 g - a potion of agility
 j - a potion of haste {unknown}
 o - a potion of mutation {unknown}
 p - a potion of brilliance
 q - a potion of heal wounds
Comestibles
 f - 3 bread rations
 h - 3 meat rations
 l - 2 beef jerkies
 r - 2 chunks of flesh


   Skills:
 + Level 2.9 Fighting
 + Level 3.0 Short Blades
 - Level 2.0 Throwing
 + Level 3.1 Dodging
 + Level 10.1 Stealth


You had 6 spell levels left.
You didn't know any spells.

Dungeon Overview and Level Annotations

Branches:
Dungeon (5/15)
 Temple: D:4-7

Altars:
Elyvilon
Sif Muna

Shops:
D:4 }

Annotations:
D:5 Pikel


Innate Abilities, Weirdness & Mutations

You cannot wear most types of armour.
You are amphibious.
You can wear up to eight rings at the same time.
You can use your tentacles to constrict eight enemies at once.
Your skin changes colour to match your surroundings (Stealth).
Your rubbery body absorbs attacks (AC +1).


Message History

You barely miss Pikel.
Pikel is lightly wounded.
You constrict Pikel, but do no damage. The slave barely misses you.
Pikel hits you with a whip of flaming.
* * * LOW HITPOINT WARNING * * *
The slave closely misses you. The slave hits you.
* * * LOW HITPOINT WARNING * * *
You hit Pikel but do no damage. You squeeze Pikel.
Pikel is lightly wounded.
You constrict Pikel, but do no damage. The slave misses you.
Pikel hits you but does no damage. The slave closely misses you.
You barely miss Pikel.
Pikel is lightly wounded.
You constrict Pikel. The slave closely misses you. The slave hits you.
* * * LOW HITPOINT WARNING * * *
Pikel closely misses you.
You hit Pikel but do no damage. You squeeze Pikel.
Pikel is moderately wounded.
You constrict Pikel. The slave barely misses you. The slave hits you!
You die...

#....##.# .....<
.. #....'..#
...... .<.
#....#### .....
....#....########
....##+#.........
..........#######
..........#
......[p..#
+#....K@..#
#....pp..#
#........#
#........#
#........#
#........#
#.........
.......####


You could see Pikel and 3 slaves.

Vanquished Creatures
  A slave (D:5)
  A phantom (D:5)
  An ogre (D:4)
  A giant frog (D:4)
  A hound (D:4)
  Crazy Yiuf (D:4)
  An orc priest (D:4)
  2 iguanas
  2 worker ants (D:4)
  3 gnolls (D:3)
  3 adders
  An ooze (D:3)
  An adder skeleton (D:4)
  4 worms
  A giant gecko (D:1)
  3 orcs (D:4)
  2 ball pythons
  4 bats
  2 giant cockroaches
  4 goblins
  8 hobgoblins
  6 jackals
  7 giant newts
  A jackal skeleton (D:4)
  5 kobolds
  A quokka skeleton (D:4)
  2 rats (D:1)
  A bush (D:4)
70 creatures vanquished.

Notes
Turn   | Place    | Note
--------------------------------------------------------------
     0 | D:1      | gorblad the Octopode Assassin began the quest for the Orb.
     0 | D:1      | Reached XP level 1. HP: 14/14 MP: 1/1
   147 | D:1      | Reached XP level 2. HP: 12/19 MP: 2/2
   351 | D:1      | Reached skill level 6 in Stealth
   714 | D:2      | Reached XP level 3. HP: 13/24 MP: 3/3
  1380 | D:3      | Reached skill level 7 in Stealth
  1380 | D:3      | Reached XP level 4. HP: 29/29 MP: 4/4
  2265 | D:4      | Found a white marble altar of Elyvilon.
  2277 | D:4      | Reached XP level 5. HP: 33/35 MP: 5/5
  2337 | D:4      | Reached skill level 8 in Stealth
  2529 | D:4      | Found a deep blue altar of Sif Muna.
  2636 | D:4      | Reached XP level 6. HP: 22/41 MP: 6/6
  2835 | D:4      | Reached skill level 9 in Stealth
  2884 | D:4      | Got a scorched hat
  2892 | D:4      | Identified the +1 hat of the Clam {rPois rF+} (You found it on level 4 of the Dungeon)
  2911 | D:4      | Found Usoclei's Gadget Boutique.
  3336 | D:4      | Noticed Crazy Yiuf
  3342 | D:4      | Killed Crazy Yiuf
  3365 | D:5      | Entered Level 5 of the Dungeon
  3365 | D:5      | Noticed a phantom
  3367 | D:5      | Reached XP level 7. HP: 45/45 MP: 7/7
  3373 | D:5      | Reached skill level 10 in Stealth
  3467 | D:5      | Noticed Pikel
  3484 | D:5      | Slain by a slave

Vault maps used:
D:1:      zelgadis_glass_arrival_small
D:2:      first_bread
D:4:      lemuel_crystal_altar, overflow_temple_1_default, serial_shops, shop,
          minmay_fountain_box, uniq_crazy_yiuf_cottage
D:5:      minmay_temple_entry_hall, uniq_pikel

Action                   |  1- 3 |  4- 6 |  7- 9 || total
-------------------------+-------+-------+-------++-------
Melee: Dagger            |    61 |   256 |    23 ||   340
  Use: Scroll            |     2 |     5 |       ||     7
       Potion            |       |     4 |       ||     4
 Stab: Sleeping          |    18 |    11 |     3 ||    32
       Distracted        |     1 |     1 |       ||     2
  Eat: Chunk             |     1 |     6 |     1 ||     8
